 Dungeon Crawl Stone Soup version 0.22.1-1-ga44c0e56f4 (webtiles) character file.

77 KrzeMO the Gusty (level 4, -10/33 HPs)
             Began as a Draconian Air Elementalist on Oct 19, 2018.
             Mangled by Crazy Yiuf
             ... wielding a +4 quarterstaff of chaos
              (14 damage)
             ... on level 2 of the Dungeon on Oct 29, 2018.
             The game lasted 00:24:16 (1743 turns).

KrzeMO the Gusty (Draconian Air Elementalist)       Turns: 1743, Time: 00:24:16

Health: -10/33     AC:  7    Str: 10    XL:     4   Next: 13%
Magic:  6/7        EV: 12    Int: 16    God:
Gold:   99         SH:  0    Dex: 12    Spells: 7/8 levels left

rFire    . . .     SeeInvis .   d - +1 dagger (venom)
rCold    . . .     Gourm    .   (no shield)
rNeg     . . .     Faith    .   (armour unavailable)
rPois    .         Spirit   .   (helmet restricted)
rElec    .         Reflect  .   m - +0 cloak (curse)
rCorr    .         Harm     .   (no gloves)
MR       .....                  j - +0 pair of boots
Stlth    ++........             (no amulet)
HPRegen  0.11/turn              (no ring)
MPRegen  0.10/turn              (no ring)

@: lethally poisoned (-10 -> -16), about to teleport
A: unfitting armour, cold-blooded, AC +5
a: no special abilities


You were on level 2 of the Dungeon.
You were not hungry.

You visited 1 branch of the dungeon, and saw 2 of its levels.

You collected 99 gold pieces.

Inventory:

Hand Weapons
 c - a +0 short sword
 d - a +1 dagger of venom (weapon)
Missiles
 a - 14 sling bullets
Armour
 f - a +0 ring mail
 j - a +0 pair of boots (worn)
 l - a +0 leather armour
 m - a cursed +0 cloak (worn)
Scrolls
 e - a scroll of fear {unknown}
 g - 3 scrolls of identify {unknown}
 h - 2 scrolls of remove curse {unknown}
 k - a scroll of magic mapping {unknown}
 p - 2 scrolls of noise {unknown}
Potions
 n - a potion of might {unknown}
 o - a potion of resistance {unknown}
Comestibles
 b - 4 rations


   Skills:
 + Level 0.5 Short Blades
 + Level 2.3 Dodging
 + Level 1.9 Stealth
 + Level 2.5 Spellcasting
 + Level 1.2 Conjurations
 + Level 4.1 Air Magic


You had 7 spell levels left.
You knew the following spells:

 Your Spells              Type           Power        Failure   Level  Hunger
a - Shock                 Conj/Air       ##..         7%          1    #......

Your spell library contained the following spells:

 Spells                   Type           Power        Failure   Level  Hunger
 Swiftness                Chrm/Air       #.......     13%         2    ##.....
 Animate Skeleton         Necr           N/A          21%         1    #......
 Apportation              Tloc           #.....       21%         1    #......
 Confusing Touch          Hex            #.....       21%         1    #......
 Summon Small Mammal      Summ           #...         21%         1    #......
 Static Discharge         Conj/Air       ##......     21%         3    ###....
 Airstrike                Air            ###.......   34%         4    #####..
 Lightning Bolt           Conj/Air       ##........   88%         5    ######.


Dungeon Overview and Level Annotations

Branches:
Dungeon (2/15)

Altars:

Annotations:
D:2 Crazy Yiuf


Innate Abilities, Weirdness & Mutations

Your plain brown scales are hard. (AC +5)
You cannot fit into any form of body armour.
You are cold-blooded and may be slowed by cold attacks.


Message History

You feel sick.
Crazy Yiuf screams, "Nubble aubergine cower!"
You closely miss the bat.
Your tail-slap misses the bat.
You feel sick. The bat barely misses you. Crazy Yiuf misses you.
You feel sick.
Crazy Yiuf says, "Prologue pizzabubble sow!"
The bat hits you but does no damage.
You feel sick. The bat closely misses you.
Crazy Yiuf whimpers, "Trifle!
Two horse cower."
You feel sick.
Crazy Yiuf cries, "Defame!"
You feel sick.
Crazy Yiuf looks more healthy.
Crazy Yiuf laughs, "Prologue!
Pitchfork forty-two seventy."
You feel sick.
As you read the scroll of teleportation, it crumbles to dust.
You feel strangely unstable.
Crazy Yiuf hits you with a quarterstaff of chaos.
* * * LOW HITPOINT WARNING * * *
You are electrocuted!
You die...

#..)# .<.>..# .# #.......
#...# ####.##.# .#
#.##.##. #...#
####...†...##.#####.##.##.
#'#
#.....#...........#.##..#.
♣♣g♣
####..###..#.####.#.###.#.
♣.♣♣
#..#.......#.####.#....†..
♣.♣
#.[..b##.##.##.[...###.##
.♣♣
####.)###.##.##.#.#.###.##
♣.♣♣
#......bg@##.##.#.#.......
...♣♣
#.....######......##.##.#.
.g..♣ #.#####
#.......#.##.#. ....# #.#
#.......#.#..#. #..#####.#
#.......#.#.##. #........#
#.......#...... ##...#####
#.......#.....# #####
#.......#.....#
#.......#.....#


You could see Crazy Yiuf and a bat.

Vanquished Creatures
  4 adders (D:2)
  2 worms (D:2)
  A dart slug (D:2)
  4 bats
  3 giant cockroaches
  5 goblins
  4 hobgoblins
  4 kobolds
  A ball python (D:1)
  5 frilled lizards
  2 rats (D:2)
35 creatures vanquished.

Notes
Turn   | Place    | Note
-------+----------+-------------------------------------------
     0 | D:1      | KrzeMO the Draconian Air Elementalist began the quest for
                  | the Orb.
     0 | D:1      | Reached XP level 1. HP: 14/14 MP: 3/3
   344 | D:1      | Reached XP level 2. HP: 20/20 MP: 3/5
  1117 | D:2      | Reached XP level 3. HP: 26/26 MP: 2/6
  1183 | D:2      | Reached skill level 4 in Air Magic
  1552 | D:2      | Reached XP level 4. HP: 33/33 MP: 5/7
  1708 | D:2      | Found a runed door.
  1712 | D:2      | Noticed Crazy Yiuf
  1743 | D:2      | Mangled by Crazy Yiuf

Skill      XL: |  1  2  3 |
---------------+----------+-----
Dodging        | 2 |  2.3
Air Magic      | 4 |  4.1
Short Blades   | |  0.5
Stealth        | |  1.9
Spellcasting   | |  2.5
Conjurations   | |  1.2

Action                   |  1- 3 |  4- 6 || total
-------------------------+-------+-------++-------
Melee: Short sword       |    17 |       ||    17
       Tailslap          |     5 |     1 ||     6
       Dagger            |    43 |     7 ||    50
 Cast: Shock             |    41 |     9 ||    50
  Use: Scroll            |     1 |     1 ||     2
 Stab: Sleeping          |     1 |       ||     1
  Eat: Ration            |     1 |       ||     1
Armor: Skin              |    20 |     1 ||    21
Dodge: Dodged            |    41 |     4 ||    45
